 Dungeon Crawl Stone Soup version 0.32-a0-391-gce5c0aab1b (webtiles) character file.

Game seed: 14736252359084151743

144732 CougarLife the Earth Mage (level 17, -15/104 HPs)
             Began as a Gargoyle Earth Elementalist on Feb 20, 2024.
             Was a High Priest of Vehumet.
             Shot with an arrow by a satyr (27 damage)
             ... on level 4 of the Shoals.
             The game lasted 01:21:38 (34885 turns).

CougarLife the Earth Mage (GrEE)                   Turns: 34885, Time: 01:21:38

Health: -15/104    AC: 19    Str: 11    XL:     17   Next: 40%
Magic:  23/34      EV: 12    Int: 25    God:    Vehumet [*****.]
Gold:   1089       SH:  0    Dex: 22    Spells: 3/42 levels left

rFire   + . .        s - staff of conjuration
rCold   + . .        (no shield)
rNeg    + . .        y - +0 troll leather armour
rPois   ∞            L - +1 helmet of Vikar {Will+}
rElec   +            l - scarf {rC+ rF+}
rCorr   .            H - +0 pair of gloves
SInv    .            r - +0 pair of boots
Will    ++...        Q - amulet of magic regeneration
Stlth   ++           c - +6 ring of dexterity
HPRegen 1.17/turn    t - +6 ring of dexterity
MPRegen 0.64/turn

%: no passive effects
@: flying
A: sickness immunity, AC +12, big wings, negative energy resistance 1,
electricity resistance, torment resistance 1, petrification resistance
a: Renounce Religion


You were on level 4 of the Shoals.
You worshipped Vehumet.
Vehumet was extremely pleased with you.
You visited 4 branches of the dungeon, and saw 26 of its levels.

You collected 2487 gold pieces.
You spent 1398 gold pieces at shops.

Inventory:

Missiles
 A - 4 throwing nets
Armour
 l - a scarf of resistance (worn)
 r - a +0 pair of boots (worn)
 y - a +0 troll leather armour (worn)
 H - a +0 pair of gloves (worn)
 L - the +1 helmet of Vikar (worn) {Will+}
   (You found it on level 5 of the Lair of Beasts)

   Will+:     It increases your willpower.
Magical Staves
 s - a staff of conjuration (weapon)
Jewellery
 c - a +6 ring of dexterity (left hand)
 t - a +6 ring of dexterity (right hand)
 G - a ring of protection from cold
 K - a ring of fire
 O - a ring of fire
 Q - an amulet of magic regeneration (around neck)
Wands
 p - a wand of mindburst (18)
 z - a wand of roots (11)
 D - a wand of quicksilver (8)
 F - a wand of flame (20)
 I - a wand of digging (6)
 N - a wand of paralysis (10)
 W - a wand of polymorph (4)
Scrolls
 a - a scroll of silence
 b - 2 scrolls of torment
 e - 6 scrolls of revelation
 g - 4 scrolls of noise
 h - 4 scrolls of fear
 j - 10 scrolls of poison
 m - 4 scrolls of teleportation
 n - 6 scrolls of immolation
 o - 6 scrolls of enchant armour
 u - 4 scrolls of summoning
 x - 3 scrolls of amnesia
 R - 4 scrolls of fog
 S - a scroll of blinking
 T - 3 scrolls of vulnerability
 V - 3 scrolls of identify
Potions
 d - 2 potions of attraction
 f - 2 potions of haste
 i - a potion of brilliance
 k - 2 potions of cancellation
 q - 5 potions of heal wounds
 v - 8 potions of curing
 w - 2 potions of mutation
 B - 2 potions of ambrosia
 C - 3 potions of might
 J - 3 potions of resistance
 M - a potion of invisibility
 P - a potion of magic
 U - a potion of enlightenment


   Skills:
 + Level 11.2 Fighting
 - Level 1.5 Dodging
 - Level 2.1 Stealth
 + Level 13.3 Spellcasting
 + Level 15.3 Conjurations
 + Level 11.6 Fire Magic
 - Level 7.4 Ice Magic
 - Level 7.4 Air Magic
 + Level 18.0 Earth Magic


You had 3 spell levels left.
You knew the following spells:

 Your Spells              Type           Power      Damage    Failure   Level
a - Sandblast             Erth           100%       2d20      0%          1
b - Stone Arrow           Conj/Erth      100%       3d13      0%          3
c - Fireball              Conj/Fire      45%        3d18      1%          5
d - Starburst             Conj/Fire      45%        6d13      1%          6
e - Lee's Rapid Deconstr  Erth           41%        3d20*     1%          5
f - Plasma Beam           Fire/Air       29%        2x1d42    4%          6
g - Freezing Cloud        Conj/Ice/Air   39%        6-21      1%          5
h - Lehudib's Crystal Sp  Conj/Erth      49%        10d12     9%          8

Your spell library contained the following spells:

 Spells                   Type           Power      Damage    Failure   Level
 Yara's Violent Unravell  Hex/Alch       8%         3d5       30%         5
 Foxfire                  Conj/Fire      100%       2x1d9     0%          1
 Magic Dart               Conj           100%       1d8       0%          1
 Searing Ray              Conj           100%       2d8       0%          2
 Passwall                 Erth           82%        N/A       0%          3
 Momentum Strike          Conj/Tloc      100%       3d10      1%          2
 Scorch                   Fire           100%       2d9       1%          2
 Hailstorm                Conj/Ice       84%        3d14      1%          3
 Inner Flame              Hex/Fire       45%        N/A       1%          3
 Volatile Blastmotes      Fire/Tloc      90%        2d17      1%          3
 Summon Ice Beast         Ice/Summ       35%        N/A       3%          3
 Apportation              Tloc           32%        N/A       4%          1
 Slow                     Hex            64%        N/A       4%          1
 Blink                    Tloc           32%        N/A       7%          2
 Lesser Beckoning         Tloc           32%        N/A       7%          2
 Confusing Touch          Hex            16%        N/A       14%         3
 Fugue of the Fallen      Necr           16%        N/A       14%         3
 Sigil of Binding         Hex            16%        N/A       14%         3
 Tukima's Dance           Hex            16%        N/A       14%         3
 Vampiric Draining        Necr           16%        2d7       14%         3
 Brom's Barrelling Bould  Conj/Erth      99%        2d11      1%          4
 Flame Wave               Conj/Fire      90%        2d19      1%          4
 Fulminant Prism          Conj/Alch      35%        3d17      1%          4
 Iskenderun's Mystic Bla  Conj/Tloc      70%        2d14      1%          4
 Leda's Liquefaction      Alch/Erth      28%        N/A       1%          4
 Petrify                  Alch/Erth      57%        N/A       1%          4
 Sticky Flame             Fire/Alch      45%        2d9       1%          4
 Arcjolt                  Conj/Air       42%        1d52      1%          5
 Bombard                  Conj/Erth      49%        9d8       1%          6
 Vhi's Electric Charge    Tloc/Air       70%        N/A       10%         4
 Silence                  Hex/Air        17%        N/A       28%         5
 Dimensional Bullseye     Hex/Tloc       8%         N/A       41%         4
 Manifold Assault         Tloc           16%        N/A       41%         4
 Passage of Golubria      Tloc           16%        N/A       41%         4
 Sculpt Simulacrum        Ice/Alch       17%        N/A       83%         6
 Summon Cactus Giant      Summ           8%         N/A       100%        6


Dungeon Overview and Level Annotations

Branches:
Dungeon (15/15)            Temple (0/1) D:7            Lair (5/5) D:8
 Shoals (4/4) Lair:2       Spider (0/4) Lair:3        Slime (0/5) Lair:5
    Orc (2/2) D:10            Elf (0/3) Orc:2        Vaults (0/5) D:13
 Depths (0/4) D:15

Altars:
Dithmenos
Elyvilon
Fedhas
Kikubaaqudgha
Makhleb
Qazlal
Sif Muna
Vehumet
Xom
Yredelemnul
Zin
Jiyva

Shops:
D:2 ([=!(   D:5 :   D:6 :   D:8 ?   D:9 *   D:11 :   Orc:1 =   Orc:2 ?(:?*
Shoals:3 [

Annotations:
D:10 2 exclusions
Shoals:3 1 runed translucent door, Ygem's ghost, journeyman DsFE
Shoals:4 Polyphemus


Innate Abilities, Weirdness & Mutations

You are immune to sickness and miasma.
Your stone body is resilient. (AC +12)
You are immune to poison.
Your large and strong wings let you fly.
You resist negative energy. (rN+)
You are resistant to electric shocks. (rElec)
You are resistant to unholy torment.
You are immune to petrification.


Message History

Confirm with . or Enter, or press ? or * to list all spells.
Aiming: Stone Arrow (safe; 0% risk of failure)
Press: ? - help, Shift-Dir - straight line, f/p - faun
Aim: a faun, wielding a +0 sling (freezing vapour, heavily wounded, 78% to hit)
You feel a surge of power!
The stone arrow hits the faun!!
You kill the faun!
Vehumet accepts your kill.
You feel your power returning.
The satyr shoots an arrow.
The arrow hits you.
The satyr shoots an arrow.
The arrow hits you!!
The satyr shoots an arrow.
The arrow hits you but does no damage.
Casting: Stone Arrow (safe; 0% risk of failure)
Confirm with . or Enter, or press ? or * to list all spells.
Aiming: Freezing Cloud (mildly dangerous; 1% risk of failure)
Press: ? - help, Dir - move target, f - satyr
Aim: a satyr, wielding a +0 longbow You feel a surge of power!
The satyr is engulfed in freezing vapours.
The satyr shoots an arrow.
The arrow hits you!
Casting: Freezing Cloud (mildly dangerous; 1% risk of failure)
Confirm with . or Enter, or press ? or * to list all spells.
Aiming: Stone Arrow (safe; 0% risk of failure)
Press: ? - help, Shift-Dir - straight line, f/p - satyr
Aim: a satyr, wielding a +0 longbow (freezing vapour, moderately wounded, 72% to hit)
You feel a surge of power!
The stone arrow misses the satyr.
The satyr is engulfed in freezing vapours.
The satyr shoots an arrow.
The arrow hits you!!
* * * LOW HITPOINT WARNING * * *
Casting: Stone Arrow (safe; 0% risk of failure)
Confirm with . or Enter, or press ? or * to list all spells.
Aiming: Stone Arrow (safe; 0% risk of failure)
Press: ? - help, Shift-Dir - straight line, f/p - satyr
Aim: a satyr, wielding a +0 longbow (freezing vapour, moderately wounded, 72% to hit)
You feel a surge of power!
The stone arrow hits the satyr!
The satyr is heavily wounded.
The satyr is engulfed in freezing vapours.
The satyr shoots an arrow.
The arrow hits you!
* * * LOW HITPOINT WARNING * * *
The satyr is engulfed in freezing vapours.
The satyr shoots an arrow.
The arrow hits you!!
You die...

##...~......#.##....~#(≈≈≈≈≈≈≈≈≈≈
....#....§§.#.......##≈≈≈≈≈≈≈≈≈≈≈
....#....§c§#.~.§§§##≈≈≈≈≈≈≈≈≈≈≈≈
##.##...~§§§###.§§#.≈≈≈≈≈≈≈≈≈≈≈≈≈
≈≈≈≈#...~.§.§≈≈≈§§§≈≈≈≈≈≈≈≈≈H≈≈≈≈
≈≈≈≈#......#.≈≈≈≈≈§≈≈≈≈≈≈≈≈≈≈≈≈≈≈
≈≈≈≈≈#...~.#≈≈≈≈≈≈≈≈≈≈≈≈≈≈≈≈≈HH≈≈
≈≈≈≈≈##).(##≈≈≈≈≈≈≈≈≈≈≈≈≈≈≈≈≈≈≈≈≈
≈≈≈≈≈≈.|.)#≈≈≈≈≈@≈≈≈≈≈≈≈≈≈≈≈≈≈≈≈≈
≈≈≈≈≈≈≈###≈≈≈≈≈≈≈≈≈≈≈≈≈≈≈≈≈≈≈≈H≈≈
≈≈≈≈≈≈≈≈≈≈≈≈≈≈≈≈≈≈≈≈≈≈≈≈≈≈≈≈≈≈≈≈≈
≈≈≈≈≈≈≈≈≈≈≈≈≈≈≈≈≈≈≈≈≈≈≈≈≈≈≈≈≈≈≈≈≈
≈≈≈≈≈≈≈≈≈≈≈≈≈≈≈≈≈≈≈≈≈≈≈≈≈≈≈≈≈≈≈≈≈
≈≈≈≈≈≈≈≈≈≈≈≈≈≈≈≈≈≈≈≈≈≈≈≈≈≈≈≈≈≈≈≈≈
≈≈≈≈≈≈≈≈≈≈≈≈≈≈≈≈≈≈≈≈≈≈≈≈≈≈≈≈≈≈≈≈≈
#################################
############################


You could see a satyr.

Vanquished Creatures
  Mlioglotl (Shoals:2)
  2 sphinxes
  A kraken (Shoals:3)
  Frances (Shoals:1)
  A frost giant (D:10)
  A stone giant (D:15)
  4 dire elephants (Lair:5)
  3 minotaurs (Shoals:4)
  A merfolk javelineer (Shoals:3)
  Snorg (D:12)
  4 merfolk impalers
  A vault guard (D:13)
  5 hydras
  Fannar (D:12)
  A merfolk avatar (Shoals:2)
  3 ogre magi
  4 satyrs
  6 boulder beetles
  2 alligator snapping turtles
  2 merfolk aquamancers
  4 centaur warriors
  A catoblepas (Shoals:3)
  3 tengu warriors
  11 two-headed ogres
  A spectral dire elephant (Lair:5)
  7 death yaks
  An occultist (D:15)
  A skyshark (Lair:3)
  A spectral anaconda (Lair:5)
  2 deep trolls
  10 sea snakes
  2 arcanists
  A lindwurm (Lair:4)
  An orc knight (Orc:1)
  A deep elf archer (D:13)
  4 harpies
  4 necromancers
  An obsidian statue (Lair:5)
  13 ugly things
  4 deep elf pyromancers
  An orc sorcerer (Orc:2)
  19 fauns
  9 cyclopes
  20 manticores
  13 elephants
  8 merfolk sirens
  4 water nymphs
  2 black mambas
  A torpor snail (Lair:4)
  A gargoyle (D:12)
  8 cane toads
  4 rime drakes
  Jeremiah (D:7)
  A cane toad (shapeshifter) (D:13)
  An efreet (D:13)
  6 komodo dragons
  2 kobold demonologists
  2 tengu conjurers (D:15)
  12 trolls
  4 polar bears
  2 hornets
  29 merfolk
  9 blink frogs
  A wind drake (Shoals:4)
  5 dream sheep
  4 snapping turtles
  5 slime creatures (D:12)
  A spriggan (Lair:2)
  21 humans
  50 yaks
  4 basilisks
  3 vampires
  8 water elementals
  4 wyverns
  5 wraiths
  A warg (Orc:1)
  A fire bat (shapeshifter) (D:15)
  A death yak simulacrum (Lair:5)
  12 vampire mosquitoes
  Menkaure (D:7)
  3 spectral cane toads (Lair:5)
  An acid dragon (D:11)
  11 water moccasins
  9 orc warriors
  4 ice beasts
  A laughing skull (D:10)
  5 black bears
  3 elephant zombies (Lair:5)
  14 centaurs
  18 wolves
  24 ogres
  2 phantoms (D:6)
  2 kobold brigands
  Blork the orc (D:4)
  10 bullfrogs
  A gnoll sergeant (D:10)
  A scorpion (D:4)
  A cane toad simulacrum (Lair:5)
  14 wights
  9 killer bees
  2 elephant simulacra (Lair:5)
  7 electric eels
  2 howler monkeys
  2 bombardier beetles
  A lava snake (D:15)
  5 jellies
  4 hounds
  2 gnoll boudas (D:7)
  8 orc priests
  6 iguanas
  27 orc wizards
  4 hell rats (Lair:2)
  8 gnolls (D:7)
  6 adders
  A shadow imp (D:7)
  2 ufetubi (D:6)
  A dart slug (D:3)
  2 ribbon worms (D:2)
  39 orcs
  3 ball pythons
  6 bats
  5 endoplasms
  2 giant cockroaches
  11 goblins
  5 hobgoblins
  4 jackals (D:1)
  17 kobolds
  5 quokkas
  2 frilled lizards
  4 rats
731 creatures vanquished.

Vanquished Creatures (others)
  A deep elf pyromancer (D:11)
1 creature vanquished.

Grand Total: 732 creatures vanquished

Notes
Turn   | Place    | Note
-------+----------+-------------------------------------------
     0 | D:1      | CougarLife the Gargoyle Earth Elementalist began the quest
                  | for the Orb.
     0 | D:1      | Reached XP level 1. HP: 10/10 MP: 3/3
   134 | D:1      | Reached XP level 2. HP: 15/15 MP: 3/5
   288 | D:1      | Reached skill level 4 in Earth Magic
   415 | D:1      | Reached XP level 3. HP: 19/19 MP: 4/6
  1093 | D:2      | Found Gorchoc's Jewellery Shoppe.
  1096 | D:2      | Reached XP level 4. HP: 24/24 MP: 6/8
  1103 | D:2      | Learned a level 3 spell: Stone Arrow
  1164 | D:2      | Found Kyasuw's Antique Armour Shop.
  1328 | D:2      | Found Lofuwa's Weapon Shoppe.
  1379 | D:2      | Found Epeoqomm's Antique Weapon Shoppe.
  1566 | D:2      | Found Qec Zuis's Distillery.
  1574 | D:2      | Bought a potion of brilliance for 40 gold pieces
  1716 | D:3      | Found a blossoming altar of Fedhas.
  1717 | D:3      | Found an ancient bone altar of Kikubaaqudgha.
  1839 | D:3      | Noticed an ogre
  1839 | D:3      | Noticed a black bear
  1857 | D:3      | Killed an ogre
  1858 | D:3      | Reached skill level 5 in Earth Magic
  1858 | D:3      | Reached XP level 5. HP: 28/28 MP: 5/10
  1922 | D:3      | Killed a black bear
  1923 | D:3      | Reached XP level 6. HP: 24/32 MP: 7/11
  1974 | D:3      | Found a glowing silver altar of Zin.
  2041 | D:3      | Found a faded altar of an unknown god.
  2843 | D:4      | Found a basalt altar of Yredelemnul.
  2846 | D:4      | Found a stormy altar of Qazlal.
  2849 | D:4      | Found a radiant altar of Vehumet.
  2853 | D:4      | Became a worshipper of Vehumet
  2859 | D:4      | Found a burning altar of Makhleb.
  3089 | D:5      | Entered Level 5 of the Dungeon
  3091 | D:5      | Noticed Blork the orc
  3107 | D:4      | Killed Blork the orc
  3109 | D:4      | Reached XP level 7. HP: 5/36 MP: 1/13
  3233 | D:5      | Reached skill level 1 in Air Magic
  3233 | D:5      | Reached skill level 6 in Earth Magic
  4013 | D:5      | Found Pupekhit's Tiny Tomes.
  4171 | D:6      | Reached skill level 5 in Conjurations
  4293 | D:6      | Reached XP level 8. HP: 41/41 MP: 10/15
  4413 | D:6      | Reached skill level 5 in Spellcasting
  4522 | D:6      | Reached skill level 7 in Earth Magic
  4630 | D:6      | Found Ruzigumm's Self-Improvement Boutique.
  4862 | D:6      | Reached * piety under Vehumet
  4862 | D:6      | Offered knowledge of Shock by Vehumet.
  5276 | D:7      | Noticed Jeremiah
  5422 | D:7      | Noticed Menkaure
  5438 | D:7      | Killed Menkaure
  5482 | D:7      | Reached XP level 9. HP: 45/45 MP: 11/17
  5590 | D:7      | Reached skill level 8 in Earth Magic
  5961 | D:7      | Killed Jeremiah
  6110 | D:7      | Reached ** piety under Vehumet
  6110 | D:7      | Offered knowledge of Momentum Strike by Vehumet.
  6156 | D:7      | Found a staircase to the Ecumenical Temple.
  6303 | D:8      | Found Malerufif's Magic Scroll Shop.
  6550 | D:8      | Bought a scroll of identify for 20 gold pieces
  6550 | D:8      | Bought a scroll of identify for 20 gold pieces
  6550 | D:8      | Bought a scroll of identify for 20 gold pieces
  6550 | D:8      | Bought a scroll of identify for 20 gold pieces
  6550 | D:8      | Bought a scroll of teleportation for 30 gold pieces
  6705 | D:8      | Reached skill level 9 in Earth Magic
  6713 | D:8      | Noticed a deep elf pyromancer
  6717 | D:8      | Noticed a deep elf pyromancer
  6730 | D:8      | Killed a deep elf pyromancer
  6731 | D:8      | Reached XP level 10. HP: 45/50 MP: 6/20
  6830 | D:8      | Killed a deep elf pyromancer
  6831 | D:8      | Reached skill level 5 in Air Magic
  6986 | D:8      | Noticed a kobold demonologist
  6990 | D:8      | Killed a kobold demonologist
  7098 | D:8      | Noticed a deep elf pyromancer
  7102 | D:8      | Killed a deep elf pyromancer
  7103 | D:8      | Reached skill level 10 in Earth Magic
  7145 | D:8      | Found a shimmering blue altar of Sif Muna.
  7389 | D:8      | Found a staircase to the Lair.
  7490 | D:8      | Found a shadowy altar of Dithmenos.
  8258 | D:9      | Found Azxiadil's Elemental Accessories.
  8869 | D:9      | Reached XP level 11. HP: 54/54 MP: 16/23
  8949 | D:9      | Offered knowledge of Static Discharge by Vehumet.
  9047 | D:9      | Found a white marble altar of Elyvilon.
  9201 | D:10     | Entered Level 10 of the Dungeon
  9212 | D:9      | Reached skill level 1 in Ice Magic
  9403 | D:10     | Noticed a two-headed ogre
  9418 | D:10     | Killed a two-headed ogre
  9502 | D:10     | Got the Spellbook of the Shifting Mausoleum
  9521 | D:10     | Found a staircase to the Orcish Mines.
  9550 | D:10     | Reached skill level 11 in Earth Magic
  9719 | D:10     | Reached *** piety under Vehumet
 10397 | D:10     | Noticed a red ugly thing
 10397 | D:10     | Noticed a sphinx
 10397 | D:10     | Noticed an ogre mage
 10397 | D:10     | Noticed a tengu warrior
 10397 | D:10     | Noticed a centaur warrior
 10397 | D:10     | Noticed a boulder beetle
 10397 | D:10     | Noticed a frost giant
 10397 | D:10     | Noticed a two-headed ogre
 10512 | Lair:1   | Entered Level 1 of the Lair of Beasts
 10654 | Lair:1   | Reached skill level 10 in Conjurations
 10867 | Lair:1   | Offered knowledge of Frozen Ramparts by Vehumet.
 10997 | Lair:1   | Reached skill level 5 in Ice Magic
 11717 | Lair:1   | Reached XP level 12. HP: 29/59 MP: 1/25
 12350 | Lair:2   | Reached skill level 12 in Earth Magic
 12657 | Lair:2   | Found a staircase to the Shoals.
 12798 | Lair:2   | Reached **** piety under Vehumet
 13479 | Lair:2   | Offered knowledge of Ignite Poison by Vehumet.
 13757 | Lair:3   | Found a hole to the Spider Nest.
 13832 | Lair:3   | Reached skill level 1 in Fighting
 14012 | Lair:3   | Noticed a skyshark
 14019 | Lair:3   | Killed a skyshark
 15096 | Lair:4   | Reached XP level 13. HP: 38/68 MP: 14/26
 15261 | Lair:4   | Reached skill level 10 in Spellcasting
 15532 | Lair:4   | Reached ***** piety under Vehumet
 15532 | Lair:4   | Offered knowledge of Fireball by Vehumet.
 15648 | Lair:4   | Learned a level 5 spell: Fireball
 15930 | Lair:4   | Reached skill level 13 in Earth Magic
 16101 | Lair:4   | Reached skill level 1 in Fire Magic
 17120 | Lair:5   | Entered Level 5 of the Lair of Beasts
 17203 | Lair:5   | HP: 3/71 [eight-headed hydra (1)]
 17803 | Lair:5   | Reached skill level 5 in Fighting
 18604 | Lair:5   | Identified the +1 helmet of Vikar {Will+}
 18625 | Lair:5   | Found a viscous altar of Jiyva.
 18631 | Lair:5   | Found a staircase to the Slime Pits.
 19127 | Lair:4   | Learned a level 6 spell: Starburst
 19163 | Lair:5   | Noticed a dire elephant
 19163 | Lair:5   | Noticed a dire elephant
 19164 | Lair:5   | Noticed a dire elephant
 19164 | Lair:5   | Noticed a dire elephant
 19640 | Lair:5   | Reached skill level 5 in Fire Magic
 19640 | Lair:5   | Gained mutation: Your large and strong wings let you fly.
                  | [Gargoyle growth]
 19640 | Lair:5   | Reached XP level 14. HP: 62/79 MP: 7/28
 19767 | Lair:5   | Identified the +7 halberd "Fiysoeto" {antimagic, ^Contam
                  | rCorr SInv}
 20539 | D:11     | Offered knowledge of Lee's Rapid Deconstruction by Vehumet.
 20694 | D:11     | Learned a level 5 spell: Lee's Rapid Deconstruction
 20905 | D:11     | Reached skill level 14 in Earth Magic
 21043 | D:10     | Killed a sphinx
 21264 | D:10     | Killed a frost giant
 22402 | D:11     | Found Ranwad's Book Emporium.
 22850 | D:2      | Bought an amulet of magic regeneration for 360 gold pieces
 23355 | D:12     | Noticed Snorg
 23405 | D:12     | Killed Snorg
 24029 | D:12     | Noticed Fannar
 24034 | D:12     | Killed Fannar
 24552 | Lair:5   | Killed a dire elephant
 24552 | Lair:5   | Offered knowledge of Irradiate by Vehumet.
 24555 | Lair:5   | Killed a dire elephant
 24555 | Lair:5   | Killed a dire elephant
 24617 | Lair:5   | Killed a dire elephant
 24618 | Lair:5   | Reached XP level 15. HP: 42/88 MP: 4/30
 24686 | Lair:5   | Learned a level 6 spell: Plasma Beam
 24900 | Orc:1    | Entered Level 1 of the Orcish Mines
 25450 | Orc:1    | Found Wefo's Jewellery Boutique.
 25585 | Orc:2    | Entered Level 2 of the Orcish Mines
 25791 | Orc:2    | Found Faifuru's Magic Scroll Boutique.
 26147 | Orc:2    | Reached skill level 15 in Earth Magic
 26426 | Orc:2    | Found Fietud's Weapon Boutique.
 26431 | Orc:2    | Found Zigof's Magic Scroll Boutique.
 26432 | Orc:2    | Found Tevacet's Assorted Antiques.
 26517 | Orc:2    | Bought a scroll of silence for 161 gold pieces
 26520 | Orc:2    | Found Oluod's Book Shop.
 26529 | Orc:2    | Bought a book of the Moon for 520 gold pieces
 26674 | Orc:2    | Found a staircase to the Elven Halls.
 26717 | Orc:2    | Bought a scroll of blinking for 135 gold pieces
 26717 | Orc:2    | Bought a scroll of vulnerability for 72 gold pieces
 27087 | D:13     | Offered knowledge of Freezing Cloud by Vehumet.
 27141 | D:12     | Learned a level 5 spell: Freezing Cloud
 27777 | D:13     | Found a gate to the Vaults.
 28417 | D:14     | Reached skill level 10 in Fire Magic
 29069 | D:15     | Entered Level 15 of the Dungeon
 29093 | D:15     | Found a radiant altar of Vehumet.
 29247 | D:15     | Reached XP level 16. HP: 60/96 MP: 28/32
 29307 | D:15     | Reached skill level 16 in Earth Magic
 29377 | D:14     | Offered knowledge of Conjure Ball Lightning by Vehumet.
 29478 | D:15     | Found a staircase to the Depths.
 29992 | Shoals:1 | Entered Level 1 of the Shoals
 30031 | Shoals:1 | Noticed Frances
 30038 | Shoals:1 | Killed Frances
 30087 | Shoals:1 | Found a transporter.
 30088 | Shoals:1 | Found a transporter.
 30370 | Shoals:1 | Found a transporter.
 30376 | Shoals:1 | Found a transporter.
 30460 | Shoals:1 | Found a transporter.
 30462 | Shoals:1 | Found a transporter.
 31093 | Shoals:2 | Noticed Mlioglotl
 31157 | Shoals:2 | Reached skill level 10 in Fighting
 31442 | Shoals:2 | Killed Mlioglotl
 31531 | Shoals:2 | Reached skill level 17 in Earth Magic
 31567 | Shoals:2 | Learned a level 8 spell: Lehudib's Crystal Spear
 32409 | Shoals:3 | Identified the +8 dagger "Piyvviphox" {speed, Dex+3}
 32534 | Shoals:3 | Noticed a kraken
 32540 | Shoals:3 | Killed a kraken
 32882 | Shoals:3 | Found Yrruziq's Armour Boutique.
 32976 | Shoals:3 | Found a runed translucent door.
 32978 | Shoals:3 | Found a shimmering altar of Xom.
 32978 | Shoals:3 | Noticed Ygem's ghost (journeyman DsFE)
 33345 | Shoals:4 | Entered Level 4 of the Shoals
 33352 | Shoals:3 | Offered knowledge of Yara's Violent Unravelling by Vehumet.
 33405 | Shoals:3 | Reached XP level 17. HP: 69/103 MP: 23/34
 33449 | Shoals:4 | Noticed Polyphemus
 33577 | Shoals:4 | Identified the +3 hand axe "Ilaczip" {freeze, *Slow rC+
                  | Str+3 Int+9}
 33667 | Shoals:4 | Noticed a sphinx
 33758 | Shoals:4 | Reached skill level 15 in Conjurations
 34445 | Shoals:4 | Killed a sphinx
 34828 | Shoals:4 | Reached skill level 18 in Earth Magic
 34885 | Shoals:4 | Shot with an arrow by a satyr

Illustrated notes

Levels and vault maps discovered:
D:1:      shiori_shiawase, layout_basic, palyth_stone_intersect,
          kennysheep_flooded_box
D:2:      layout_rooms, serial_shops, shop, nicolae_shop_trees, shop,
          shop_fountains, shop, chequers_serial_rivers_micro_c,
          kennysheep_cluttered_room
D:3:      layout_basic, grunt_temple_overflow_growth_and_decay,
          mainiacjoe_overflow_24_doors, chequers_ecumenical_altar_simple_redux,
          amcnicky_mini_corridor_feature, serial_bayou_lagoon_a,
          chequers_serial_rivers_room_a
D:4:      layout_loops_cross, grunt_temple_overflow_cloverleaf
D:5:      layout_basic, nicolae_shop_i_like_small_books_too,
          serial_bayou_pond_a, uniq_blork_the_orc
D:6:      layout_loops_ring, nicolae_shop_self_help
D:7:      layout_basic, minmay_temple_entry_statues_fountains, uniq_menkaure,
          uniq_jeremiah
D:8:      layout_basic, grunt_dithmenos_smoke, hellmonk_lair_entry_icy,
          serial_library, serial_library_hellmonk_metal_room,
          serial_library_hellmonk_h_bend, serial_library_hellmonk_small_alcove,
          serial_library_regret_index_multi,
          serial_library_regret_index_branch_corner,
          serial_library_hellmonk_open_cross,
          serial_library_hellmonk_layered_room,
          serial_library_hellmonk_angled_corner,
          serial_library_hellmonk_narrow_alcove, serial_shops, shop,
          amcnicky_mini_rare_corridor_liquid, serial_park_tiny_1
D:9:      layout_irregular_city, marbit_many_paths, nicolae_elemental_shop
D:10:     nzn_winding_woodlands_cross [nzn_winding_woodlands_5x15_lazy_stream,
          nzn_winding_woodlands_5x15_pockets, nzn_winding_woodlands_5x15_twine,
          nzn_winding_woodlands_5x15_cabin,
          nzn_winding_woodlands_15x15_killbox], layout_small_grid, orc_0_dummy,
          minmay_circle_x
D:11:     layout_roguey, serial_bayou, serial_bayou_lake_a, serial_bayou_pond_d,
          serial_bayou_shore_b, serial_shops, nicolae_book_shop_shelving
D:12:     layout_loops_cross, uniq_snorg, uniq_fannar
D:13:     layout_roguey, grunt_vaults_entry_tiered
D:14:     layout_roguey, nicolae_concentric_dashed_squares_wild
D:15:     grunt_enter_depths_giant_problem, layout_cave_pools,
          nicolae_lava_and_water, nicolae_vehumet_altar_sigil
Lair:1:   layout_cave_pods, grunt_megastairs_4
Lair:2:   layout_loops_ring, minmay_shoals_entry_lonely_mermaid,
          forest_entry_grove, infiniplex_staircase_pool
Lair:3:   layout_small_grid, spider_nest_entry_web_field
Lair:4:   layout_gridlike
Lair:5:   due_jungle_book, layout_hall_layers, nicolae_slime_entry_field_trip
Shoals:1: layout_shoals, serial_nicolae_subway, nicolae_sub_station_stone,
          nicolae_sub_station_crystal, nicolae_sub_station_metal, uniq_frances
Shoals:2: layout_shoals, nicolae_shoals_former_cling_halls, uniq_mlioglotl
Shoals:3: layout_shoals, ebering_ghost_xom, serial_shops, shop,
          nicolae_shoals_shepherds
Shoals:4: shoals_end_hellmonk_lost_city, uniq_polyphemus
Orc:1:    layout_caves, nicolae_orc_pool_cavern, minmay_shop_enchanted_jewellery
Orc:2:    st_orc_open, layout_caves, serial_shops, nicolae_diamond_shop,
          nicolae_orc_stalacmites

Skill      XL: |  1  2  3  4  5  6  7  8  9 10 11 12 13 14 15 16 17 |
---------------+----------------------------------------------------+-----
Earth Magic    | 4 5 6 7 9 10 11 12 13 14 15 17 18 | 18.0
Conjurations   | 2 3 4 5 6 7 9 10 11 12 13 14 15 | 15.3
Spellcasting   | 3 4 5 6 8 9 10 11 12 13 | 13.3
Air Magic      | 2 3 4 6 7 |  7.4
Ice Magic      | 5 7 |  7.4
Fighting       | 3 5 7 9 10 11 | 11.2
Fire Magic     | 5 8 10 11 | 11.6
Dodging        | |  1.5
Stealth        | |  2.1

Action                     |  1- 3 |  4- 6 |  7- 9 | 10-12 | 13-15 | 16-18 || total
---------------------------+-------+-------+-------+-------+-------+-------++-------
  Melee: Unarmed           |     7 |       |       |       |       |       ||     7
         Punch             |     1 |       |       |       |       |       ||     1
         Dagger            |       |     8 |     1 |       |       |       ||     9
         Staff             |       |       |       |     8 |    39 |     2 ||    49
   Cast: Sandblast         |    34 |    57 |   157 |   149 |    61 |     8 ||   466
         Stone Arrow       |       |     4 |    13 |   201 |   193 |   160 ||   571
         Fireball          |       |       |       |       |   160 |    10 ||   170
         Starburst         |       |       |       |       |    75 |     7 ||    82
         Lee's Rapid Decon |       |       |       |       |    77 |       ||    77
         Freezing Cloud    |       |       |       |       |    45 |   119 ||   164
         Plasma Beam       |       |       |       |       |    13 |     5 ||    18
         Lehudib's Crystal |       |       |       |       |       |    43 ||    43
  Evoke: Wand              |       |       |       |     1 |       |       ||     1
    Use: Potion            |       |     1 |       |     1 |     7 |     1 ||    10
         Scroll            |       |       |     9 |     8 |    10 |     2 ||    29
 Armour: Robe              |    15 |    34 |   100 |    36 |       |       ||   185
         Troll leather arm |       |       |       |   142 |   280 |   181 ||   603
  Dodge: Dodged            |    16 |    33 |    65 |   138 |   130 |    82 ||   464

Table legend: (Time is in decaauts)
 A = Elapsed time spent in this place.
 B = Non-inter-level travel time spent in this place.
 C = Inter-level travel time spent in this place.
 D = Time resting spent in this place.
 E = Time spent auto-exploring this place.
 F = Levels seen in this place.
 G = Mean time per level.
                   A        B        C        D        E       F      G
               +--------+--------+--------+--------+--------+-----+--------+
         Total |  35202 |  32965 |   2237 |  11160 |  14912 |  26 | 1353.9 |
       Dungeon |  17798 |  16436 |   1362 |   4215 |   8948 |  15 | 1186.5 |
          Lair |  10379 |   9728 |    651 |   4671 |   3063 |   5 | 2075.8 |
        Shoals |   4897 |   4747 |    150 |   1651 |   2138 |   4 | 1224.2 |
  Orcish Mines |   2127 |   2054 |     73 |    623 |    762 |   2 | 1063.5 |
               +--------+--------+--------+--------+--------+-----+--------+

Top non-repeatable levels by time:
  Lair:5: 2895 daAuts
    D:10: 2585 daAuts
  Lair:4: 2422 daAuts
  Lair:3: 1864 daAuts
     D:8: 1747 daAuts
  Lair:1: 1652 daAuts
  Lair:2: 1543 daAuts
     D:9: 1503 daAuts
Shoals:3: 1404 daAuts
     D:7: 1347 daAuts
Shoals:4: 1318 daAuts
   Orc:2: 1283 daAuts
    D:11: 1279 daAuts
     D:6: 1198 daAuts
Shoals:1: 1178 daAuts
